 Dungeon Crawl Stone Soup version 0.29.1-1-gd02db6906a (webtiles) character file.

Game seed: 2459909534916825261

1134 GigaChad the Fighter (level 8, 0/75 HPs)
             Began as a Palentonga Fighter on Oct 3, 2022.
             Was an Elder of Jiyva.
             Slain by an orc warrior (7 damage)
             ... on level 7 of the Dungeon.
             The game lasted 00:14:24 (4440 turns).

GigaChad the Fighter (Palentonga Fighter)           Turns: 4440, Time: 00:14:24

Health: 0/75       AC: 18    Str: 29    XL:     8   Next: 14%
Magic:  8/8        EV:  5    Int: 10    God:    Jiyva [****..]
Gold:   83         SH:  4    Dex:  9    Spells: 7/7 levels left

rFire   . . .      SeeInvis +   a - +2 long sword
rCold   . . .      Faith    .   c - +0 buckler
rNeg    . . .      Spirit   .   j - +0 plate armour
rPois   .          Reflect  .   (no helmet)
rElec   .          Harm     .   s - +0 cloak
rCorr   +          Rampage  .   (no gloves)
Will    .....                   (no barding)
Stlth   ..........              n - amulet of the acrobat
HPRegen 1.50/turn               e - +6 ring of strength
MPRegen 0.51/turn               (no ring)

@: curled up
A: large, rugged brown scales 3, see invisible, deformed body, roll 1, armoured
tail, reflexive curl, acidic bite, eyeballs 3, translucent skin 3, tendrils
a: Rolling Charge, Renounce Religion, Oozemancy, Slimify


You were on level 7 of the Dungeon.
You worshipped Jiyva.
Jiyva was greatly pleased with you.
You visited 2 branches of the dungeon, and saw 8 of its levels.

You collected 83 gold pieces.

Inventory:

Hand Weapons
 a - a +2 long sword (weapon)
Armour
 b - a +0 scale mail
 c - a +0 buckler (worn)
 j - a +0 plate armour (worn)
 s - a +0 cloak (worn)
Jewellery
 e - a +6 ring of strength (left hand)
 n - an amulet of the acrobat (around neck)
Wands
 r - a wand of polymorph (6)
Scrolls
 h - a scroll of silence
 l - 4 scrolls of identify
 m - a scroll of poison
 p - a scroll of teleportation
 q - a scroll of fog
Potions
 d - a potion of might
 f - a potion of heal wounds {unknown}
 g - a potion of invisibility {unknown}
 i - 3 potions of curing {unknown}
 k - a potion of flight {unknown}
 o - a potion of lignification {unknown}
 t - a potion of brilliance {unknown}


   Skills:
 - Level 9.0 Fighting
 - Level 2.0 Long Blades
 + Level 4.5 Armour
 - Level 2.6 Shields


You had 7 spell levels left.
You didn't know any spells.
Your spell library contained the following spells:

 Spells                   Type           Power      Damage    Failure   Level
 Ozocubu's Armour         Ice            0%         N/A       100%        3
 Summon Ice Beast         Ice/Summ       0%         N/A       100%        4
 Summon Mana Viper        Hex/Summ       0%         N/A       100%        5
 Monstrous Menagerie      Summ           0%         N/A       100%        7
 Ozocubu's Refrigeration  Ice            0%         4d7       100%        7


Dungeon Overview and Level Annotations

Branches:
Dungeon (7/15)             Temple (1/1) D:4

Altars:
Ashenzari
Cheibriados
Dithmenos
Elyvilon
Fedhas
Gozag
Makhleb
Nemelex Xobeh
Okawaru
Ru
Sif Muna
Trog
Uskayaw
Vehumet
Xom
Yredelemnul
The Shining One
Jiyva


Innate Abilities, Weirdness & Mutations

You are completely covered in rugged brown scales. (AC +3, +7% HP)
You have supernaturally acute eyesight. (SInv)
Armour fits poorly on your strangely shaped body.
You can roll at nearby foes to attack.
You have a long armoured tail.
You curl defensively after being hit. (AC +7*)
You have acidic saliva.
Your body is covered in eyes which may confuse attackers. (Acc +7, SInv)
Your transparent skin significantly reduces your foes' accuracy. (Stealth+)
You are covered in slimy tendrils that may disarm your opponents.


Message History

* * * LOW HITPOINT WARNING * * *
The orc warrior hits you with a +1 trident of distortion!
* * * LOW HITPOINT WARNING * * *
Space warps around you.
* * * LOW HITPOINT WARNING * * *
Aiming: Polymorph
Press: ? - help, Shift-Dir - straight line, f - orc warrior
Aim: an orc warrior, wielding a +1 trident of distortion and wearing a +0 chain mail (lightly wounded, will become a boggart, an iguana, or a steam dragon, chance to affect: 49%)
The orc warrior resists with some effort.
The orc warrior hits you with a +1 trident of distortion.
* * * LOW HITPOINT WARNING * * *
The eyeballs on your body gaze at the orc warrior.
Your tendrils lash around the orc warrior's +1 trident of distortion and pull it to the ground!
You blink.
An orc comes into view. It is wielding a +0 club.
You see here a +0 hand axe.
The orc shouts!
You hear an angry growl.
Things that are here:
a +1 trident of distortion; an orc corpse You hit the orc warrior but do no damage.
The orc warrior is lightly wounded.
The orc warrior seems less confused.
The orc warrior hits you.
* * * LOW HITPOINT WARNING * * *
You hit the orc warrior but do no damage.
The orc warrior is lightly wounded.
The orc warrior hits you!
* * * LOW HITPOINT WARNING * * *
You hit the orc warrior.
The orc warrior is lightly wounded.
The orc warrior hits you.
* * * LOW HITPOINT WARNING * * *
The orc warrior hits you.
* * * LOW HITPOINT WARNING * * *
You hit the orc warrior. You tail-slap the orc warrior.
The orc warrior is moderately wounded.
The orc warrior hits you but does no damage.
You slash the orc warrior!
Your tail-slap misses the orc warrior.
The orc warrior is severely wounded.
The orc warrior hits you!
You die...

#.#####.#
#.......#
####..######
#.....#
#.###.# #.#
#.# #.# #.#
#)# #.# #@#
#.# ## #o#
.# ##...##o#
.# ........#
.o#..#### ##


You could see an orc warrior and an orc.

Vanquished Creatures
  Prince Ribbit (D:7)
  2 black bears
  A sky beast (D:7)
  An ogre (D:4)
  A phantom (D:5)
  A bullfrog (D:6)
  2 necrophages
  2 scorpions
  2 orc priests
  2 iguanas
  5 adders
  A white imp (D:6)
  2 worms (D:2)
  The ghost of hawla the Sneak, a weakling MeDe (D:5)
  6 orcs
  4 ball pythons
  3 goblins
  6 jackals
  3 quokkas
  3 bats
  2 frilled lizards
  3 kobolds
  2 rats
56 creatures vanquished.

Vanquished Creatures (others)
  A centaur (D:7)
  2 scorpions
  A hound (D:6)
  8 jellies
  An iguana (D:4)
  3 adders
  4 gnolls (D:2)
  An ufetubus (D:6)
  4 ball pythons
  5 endoplasms
  2 goblins
  2 hobgoblins (D:1)
  3 jackals
  3 kobolds
  2 quokkas (D:1)
  A frilled lizard (D:1)
  2 rats (D:1)
  66 plants (D:6)
111 creatures vanquished.

Grand Total: 167 creatures vanquished

Notes
Turn   | Place    | Note
-------+----------+-------------------------------------------
     0 | D:1      | GigaChad the Palentonga Fighter began the quest for the
                  | Orb.
     0 | D:1      | Reached XP level 1. HP: 19/19 MP: 1/1
    15 | D:1      | Found a faded altar of an unknown god.
    60 | D:1      | Prayed at the altar of an unknown god.
    60 | D:1      | Became a worshipper of Jiyva Jipownom the Shapeless
    60 | D:1      | Reached * piety under Jiyva
   358 | D:1      | Reached XP level 2. HP: 24/25 MP: 2/2
   795 | D:2      | Reached skill level 4 in Fighting
   795 | D:2      | Reached XP level 3. HP: 31/32 MP: 3/3
   810 | D:2      | Reached ** piety under Jiyva
  1337 | D:3      | Reached *** piety under Jiyva
  1904 | D:4      | Gained mutation: Your body has grown eyes which may confuse
                  | attackers. (Acc +3) [Jiyva's grace]
  1904 | D:4      | Gained mutation: Your body has grown many eyes which may
                  | confuse attackers. (Acc +5) [Jiyva's grace]
  1904 | D:4      | Gained mutation: Your body is covered in eyes which may
                  | confuse attackers. (Acc +7, SInv) [Jiyva's grace]
  1904 | D:4      | Gained mutation: You are covered in slimy tendrils that may
                  | disarm your opponents. [Jiyva's grace]
  1913 | D:4      | Noticed an ogre
  1926 | D:4      | Killed an ogre
  1927 | D:4      | Reached skill level 5 in Fighting
  1927 | D:4      | Reached XP level 4. HP: 41/41 MP: 4/4
  1927 | D:4      | Reached XP level 5. HP: 48/48 MP: 5/5
  2234 | D:4      | Reached skill level 6 in Fighting
  2594 | D:4      | Found a staircase to the Ecumenical Temple.
  2603 | D:4      | Noticed a black bear
  2609 | D:4      | Killed a black bear
  2610 | D:4      | Reached XP level 6. HP: 48/56 MP: 6/6
  2614 | Temple   | Entered the Ecumenical Temple
  3064 | D:5      | Entered Level 5 of the Dungeon
  3091 | D:5      | Reached skill level 7 in Fighting
  3145 | D:5      | Reached skill level 8 in Fighting
  3145 | D:5      | Gained mutation: You curl defensively after being hit. (AC
                  | +7*) [Palentonga growth]
  3145 | D:5      | Reached XP level 7. HP: 56/66 MP: 7/7
  3206 | D:5      | Found a radiant altar of Vehumet.
  3220 | D:5      | Reached **** piety under Jiyva
  3236 | D:5      | Found a runed translucent door.
  3236 | D:5      | Noticed hawla's ghost (weakling MeDe)
  3267 | D:5      | Killed hawla's ghost
  4126 | D:6      | Gained mutation: Your translucent skin slightly reduces
                  | your foes' accuracy. (Stealth+) [Jiyva's grace]
  4126 | D:6      | Gained mutation: Your translucent skin reduces your foes'
                  | accuracy. (Stealth+) [Jiyva's grace]
  4126 | D:6      | Gained mutation: Your transparent skin significantly
                  | reduces your foes' accuracy. (Stealth+) [Jiyva's grace]
  4126 | D:6      | Gained mutation: You have acidic saliva. [Jiyva's grace]
  4146 | D:6      | Reached skill level 9 in Fighting
  4247 | D:7      | Noticed Prince Ribbit
  4270 | D:7      | Killed Prince Ribbit
  4271 | D:7      | Reached XP level 8. HP: 75/75 MP: 8/8
  4429 | D:7      | HP: 3/75 [orc warrior/+1 trident of distortion (2)]
  4438 | D:7      | HP: 3/75 [orc warrior (1)]
  4440 | D:7      | Slain by an orc warrior

Illustrated notes

Levels and vault maps discovered:
D:1:      lightli_arrival_boilingwater, layout_loops_ring,
          basic_ecumenical_altar
D:2:      minmay_diamond_boxcup, layout_rooms
D:3:      layout_basic
D:4:      layout_loops_corners, minmay_temple_entry_junction
D:5:      layout_loops_ring, lemuel_doored_altar, hellmonk_ghost_happy_afterlife
D:6:      layout_basic, serial_bayou, serial_bayou_ford_a, serial_bayou_lake_a,
          serial_bayou_pond_a, serial_bayou_lagoon_a, hangedman_decor_riveting,
          dk_rats_in_the_wall
D:7:      layout_loops_ring, nicolae_hepliaklqana_hippocampus, zin_statuary,
          serial_shops, shop, minivault_22, uniq_prince_ribbit1
Temple:   eino_temple_scatter_basement

Skill      XL: |  1  2  3  4  5  6  7 |
---------------+----------------------+-----
Fighting       | 4 5 6 8 9 |  9.0
Armour         | 4 |  4.5
Long Blades    | |  2.0
Shields        | |  2.6

Action                   |  1- 3 |  4- 6 |  7- 9 || total
-------------------------+-------+-------+-------++-------
Melee: Long sword        |   105 |    80 |    73 ||   258
       Tailslap          |     7 |     8 |    17 ||    32
       Bite              |       |       |     3 ||     3
Invok: Oozemancy         |     2 |       |     1 ||     3
       Slimify           |       |       |     1 ||     1
 Abil: Rolling Charge    |       |     1 |       ||     1
Evoke: Wand              |       |       |     1 ||     1
  Use: Scroll            |     1 |       |     5 ||     6
 Stab: Confused          |       |     5 |     3 ||     8
Armor: Scale mail        |    86 |    41 |     5 ||   132
       Plate armour      |       |       |    16 ||    16
Dodge: Dodged            |    53 |    31 |    23 ||   107
Block: Buckler           |    34 |    17 |    11 ||    62
